Map: Simulacrum LE

Players

TLO - Winner!

  • Race: Zerg Zerg
  • Spawn Location: 11:00

ArT

  • Race: Protoss Protoss
  • Spawn Location: 5:00

Event: IEM Katowice 2020

VOD

Have the link to the VOD?

Description

Time

  • Played on: Feb. 24, 2020, 11:05 a.m.
  • Length: 10:44

All games in this series

Show
View Real Time Build Order
Export as new Build Order

TLO Zerg - Winner!

Build Orders: Hatch First 

Get SALT Encoding   

  12  0:01  Drone  
  13  0:13  Overlord  
  13  0:17  Drone  
  14  0:31  Drone  
  14  0:32  Drone  
  16  0:48  Hatchery  
  15  0:51  Drone  
  15  0:55  Drone  
  17  0:58  Drone  
  18  1:06  Extractor  
  17  1:14  Spawning Pool  
  17  1:18  Drone  
  17  1:22  Drone  
  18  1:29  Drone  
  19  1:40  Drone  
  20  1:49  Overlord  
  20  2:01  Queen x2  
  20  2:03  Drone  
  20  2:06  Metabolic Boost  
  25  2:10  Drone  
  26  2:21  Drone  
  26  2:22  Drone  
  28  2:30  Hatchery  
  28  2:33  Drone  
  28  2:36  Drone  
  29  2:43  Queen  
  31  2:47  Zergling x2  
  31  2:48  Zergling x2  
  33  2:51  Overlord  
  33  2:55  Zergling x2  
  34  2:58  Drone  
  34  3:02  Overlord  
  34  3:04  Drone  
  36  3:09  Overlord  
  36  3:11  Drone  
  36  3:12  Drone  
  38  3:14  Drone  
  38  3:15  Drone  
  40  3:22  Queen  
  42  3:29  Queen  
  42  3:31  Overlord  
  44  3:36  Drone  
  44  3:38  Drone  
  44  3:39  Evolution Chamber  
  44  3:40  Drone  
  46  3:42  Drone  
  46  3:43  Drone  
  46  3:46  Drone  
  46  3:48  Zergling x2  
  50  3:50  Drone  
  50  3:51  Drone  
  50  3:54  Drone  
  53  3:55  Zergling x2  
  53  4:00  Drone  
  53  4:01  Spore Crawler  
  54  4:04  Spore Crawler  
  54  4:08  Spore Crawler  
  54  4:09  Drone x2  
  54  4:11  Drone  
  54  4:12  Drone  
  54  4:16  Zerg Melee Weapons Level 1  
  56  4:19  Drone  
  56  4:21  Drone  
  56  4:23  Drone  
  59  4:26  Overlord  
  59  4:27  Drone x2  
  61  4:32  Baneling Nest  
  61  4:34  Drone  
  61  4:37  Drone  
  62  4:39  Extractor  
  62  4:40  Drone  
  62  4:41  Drone x2  
  62  4:44  Zergling x2  
  62  4:45  Zergling x2, Drone  
  67  4:48  Zergling x2  
  68  4:54  Zergling x4  
  68  4:56  Zergling x2  
  71  5:00  Zergling x4  
  71  5:01  Zergling x2  
  71  5:02  Overlord x3  
  71  5:03  Overlord  
  74  5:08  Overlord  
  74  5:09  Overlord  
  74  5:14  Spine Crawler  
  74  5:15  Lair  
  74  5:18  Drone  
  74  5:23  Zergling x4  
  74  5:24  Zergling x6  
  74  5:27  Baneling x5  
  74  5:28  Zergling x4  
  78  5:29  Baneling  
  78  5:31  Zergling x4  
  78  5:33  Zergling x2  
  78  5:34  Zergling x2  
  82  5:37  Zergling x2  
  82  5:42  Zergling x10  
  85  5:44  Zergling x2  
  85  5:46  Queen  
  87  5:52  Baneling x4  
  87  5:53  Zergling x2  
  87  5:54  Zergling x2  
  87  5:55  Zergling x2  
  90  5:57  Zergling x2  
  90  5:59  Spine Crawler  
  90  6:00  Zergling x2  
  91  6:08  Zergling x2  
  91  6:09  Zergling x14  
  91  6:10  Drone  
  100  6:17  Drone  
  100  6:18  Drone  
  102  6:21  Zerg Melee Weapons Level 2  
  94  6:25  Overseer  
  94  6:27  Drone  
  94  6:28  Drone  
  94  6:31  Drone  
  90  6:45  Hatchery  
  89  6:49  Overseer  
  89  6:50  Drone  
  90  6:54  Extractor  
  90  6:59  Zergling x2  
  90  7:00  Zergling x10  
  90  7:03  Zergling x2  
  90  7:04  Zergling x4  
  90  7:05  Hatchery  
  90  7:07  Zergling x2  
  82  7:16  Zergling x2  
  82  7:17  Hydralisk Den, Zergling x2  
  82  7:19  Drone x2  
  82  7:22  Drone  
  85  7:23  Drone x4  
  85  7:26  Extractor  
  88  7:31  Centrifical Hooks  
  88  7:34  Zergling x2  
  88  7:36  Zergling x2  
  90  7:43  Zergling x2  
  91  7:47  Grooved Spines  
  91  7:49  Drone x2  
  91  7:50  Drone  
  91  7:51  Zergling x2, Extractor  
  93  7:52  Zergling x4, Extractor  
  93  7:53  Zergling x2  
  93  7:55  Spore Crawler  
  95  7:58  Drone  
  95  8:02  Baneling x6  
  95  8:03  Spore Crawler  
  95  8:10  Hydralisk  
  95  8:11  Hydralisk  
  98  8:17  Zergling x4  
  98  8:21  Drone  
  98  8:22  Drone, Baneling x3  
  98  8:25  Drone  
  102  8:27  Drone x2  
  102  8:31  Hydralisk  
  102  8:33  Hydralisk  
  107  8:40  Drone x2  
  109  8:43  Hydralisk x2  
  109  8:46  Overlord  
  109  8:47  Hydralisk  
  115  8:50  Baneling x2  
  115  8:52  Hydralisk  
  115  8:54  Baneling  
  115  8:55  Zergling x2  
  117  8:56  Zergling x2  
  117  9:02  Muscular Augments  
  117  9:04  Baneling x3  
  117  9:05  Zergling x2  
  117  9:06  Zergling x2  
  119  9:11  Hydralisk  
  119  9:14  Zergling x12  
  125  9:17  Hydralisk  
  125  9:18  Zergling x2, Extractor x2  
  126  9:25  Hydralisk x2  
  126  9:29  Baneling x5  
  126  9:31  Zergling x4  
  126  9:34  Baneling x2  
  126  9:35  Zergling x2  
  126  9:37  Zergling x2  
  126  9:38  Zergling x2  
  126  9:40  Baneling x4  
  124  9:45  Baneling  
  124  9:46  Baneling  
  124  9:49  Baneling  
  124  9:50  Baneling  
  124  9:51  Zergling x12  
  127  9:53  Baneling x2  
  127  9:54  Zergling x2  
  127  9:55  Zergling x2  
  129  10:01  Baneling x3  
  126  10:09  Zergling x2  
  126  10:10  Zergling x8  
  130  10:14  Overlord  
  130  10:19  Hydralisk x2  
  110  10:22  Zergling x2  
  110  10:26  Zergling x4  
  110  10:27  Zergling x2  
Show
View Real Time Build Order
Export as new Build Order

ArT Protoss 

Build Orders: 1 Gate Expand, Oracle Opening, Phoenix Opening 

Get SALT Encoding   

  12  0:00  Probe  
  13  0:12  Probe  
  14  0:20  Pylon  
  14  0:25  Probe  
  15  0:38  Probe (Chrono Boost)  
  15  0:40  Gateway  
  16  0:47  Probe (Chrono Boost)  
  16  0:48  Assimilator  
  17  0:53  Probe  
  18  1:05  Probe  
  19  1:17  Probe  
  20  1:25  Nexus  
  20  1:36  Cybernetics Core  
  20  1:39  Probe  
  21  1:45  Assimilator  
  21  1:51  Probe  
  22  1:55  Pylon  
  22  2:03  Probe (Chrono Boost)  
  23  2:12  Adept  
  23  2:15  Probe (Chrono Boost)  
  26  2:18  Stargate  
  26  2:23  Probe (Chrono Boost)  
  26  2:24  Warp Gate  
  26  2:29  Probe (Chrono Boost)  
  28  2:39  Probe (Chrono Boost)  
  28  2:41  Probe (Chrono Boost)  
  28  2:42  Adept  
  32  2:46  Probe (Chrono Boost)  
  32  2:48  Probe (Chrono Boost)  
  34  2:51  Probe (Chrono Boost)  
  34  2:56  Probe  
  36  3:01  Phoenix (Chrono Boost)  
  36  3:04  Probe  
  39  3:08  Probe  
  40  3:13  Pylon  
  40  3:16  Probe  
  41  3:20  Probe  
  41  3:22  Oracle (Chrono Boost)  
  45  3:27  Gateway  
  45  3:28  Probe  
  45  3:32  Probe  
  45  3:33  Assimilator  
  47  3:35  Assimilator  
  47  3:40  Probe  
  48  3:44  Robotics Facility  
  48  3:49  Probe  
  48  3:52  Twilight Council  
  49  3:58  Gateway  
  49  4:00  Probe  
  49  4:01  Gateway  
  49  4:02  Probe  
  51  4:09  Pylon  
  51  4:12  Probe  
  51  4:15  Probe  
  53  4:22  Pylon, Resonating Glaives (Chrono Boost)  
  53  4:28  Warp Prism (Chrono Boost)  
  53  4:29  Adept x2  
  57  4:36  Dark Shrine  
  59  4:39  Pylon  
  59  4:44  Probe  
  60  4:53  Adept x2  
  60  4:57  Pylon  
  64  5:01  Observer  
  65  5:14  Adept x3  
  65  5:15  Adept  
  72  5:32  Probe  
  72  5:35  Pylon  
  73  5:42  Adept x4  
  81  5:48  Nexus  
  79  5:53  Probe x2, Pylon  
  81  6:00  Pylon  
  81  6:09  Dark Templar x4  
  90  6:11  Probe (Chrono Boost)  
  90  6:13  Probe (Chrono Boost)  
  90  6:16  Immortal (Chrono Boost)  
  95  6:24  Probe (Chrono Boost)  
  73  6:37  Gateway  
  73  6:39  Gateway  
  65  6:42  Sentry x3  
  65  6:45  Immortal (Chrono Boost)  
  71  6:47  Sentry  
  77  7:06  Gateway  
  77  7:07  Adept x3  
  75  7:10  Gateway  
  75  7:12  Dark Templar  
  75  7:21  Probe x2  
  77  7:33  Sentry x4  
  77  7:36  Forge  
  86  7:37  Probe  
  86  7:41  Pylon  
  86  7:43  Zealot  
  88  7:44  Zealot  
  89  7:59  Pylon  
  89  8:01  Nexus  
  89  8:02  Pylon  
  89  8:04  Probe x2  
  91  8:16  Observer  
  83  8:20  Adept x3, Sentry x2  
  83  8:21  Adept x3  
  83  8:23  Protoss Ground Weapons Level 1 (Chrono Boost)  
  99  8:33  Shield Battery  
  99  8:36  Pylon  
  99  8:44  Probe  
  100  8:49  Adept x2  
  100  8:50  Adept x6  
  100  8:55  Warp Prism (Chrono Boost)  
  118  9:11  Adept x6  
  118  9:14  Sentry x2  
  134  9:21  Pylon  
  134  9:22  Pylon  
  134  9:42  Adept x4  
  134  9:43  Adept x2  
  144  10:09  Adept x5  
  138  10:19  Adept  
  138  10:20  Adept x2  
  86  10:33  Adept x3  
  86  10:34  Adept x2  

Tags
 
Add a new tag
Caveats
  • Supply blocks, unpowered buildings, or Contaminate may cause inaccurate times.
  • Supply counts are checked every 10 seconds.